Map: 16-Bit LE

Players

kali

  • Race: Protoss Protoss
  • League: Diamond
  • Spawn Location: 1:00

Cheater 1 (Insane) - Winner!

  • Race: Zerg Zerg
  • Spawn Location: 7:00

VOD

Have the link to the VOD?

Description

Time

  • Played on: June 17, 2018, 7:48 a.m.
  • Length: 10:13
Show
View Real Time Build Order
Export as new Build Order

kali Protoss 

Build Orders: 1 Gate Expand, Oracle Opening, Phoenix Opening, Zealot Archon 

Get SALT Encoding   

  1  0:00  Probe  
  13  0:15  Pylon  
  13  0:16  Probe  
  14  0:28  Probe  
  15  0:37  Gateway  
  15  0:40  Probe  
  16  0:49  Assimilator  
  16  0:51  Probe  
  17  0:59  Probe  
  18  1:07  Probe  
  19  1:19  Probe  
  20  1:32  Nexus  
  20  1:44  Cybernetics Core  
  20  1:46  Probe  
  21  1:53  Assimilator  
  21  2:00  Probe  
  21  2:01  Pylon  
  21  2:08  Probe  
  23  2:17  Probe  
  23  2:22  Stargate  
  24  2:26  Warp Gate  
  24  2:31  Adept  
  24  2:34  Probe  
  27  2:46  Probe  
  27  2:50  Probe  
  29  2:56  Pylon  
  29  2:58  Oracle  
  29  2:59  Probe  
  29  3:01  Adept  
  29  3:04  Probe  
  33  3:11  Probe  
  37  3:19  Probe  
  38  3:20  Gateway  
  38  3:25  Pylon  
  38  3:28  Phoenix, Probe  
  39  3:35  Probe  
  42  3:43  Assimilator  
  42  3:48  Probe x2  
  44  3:54  Robotics Facility  
  44  4:03  Assimilator, Probe  
  44  4:05  Probe  
  44  4:08  Twilight Council  
  46  4:16  Probe  
  47  4:20  Probe  
  48  4:28  Probe  
  48  4:31  Gateway  
  49  4:32  Gateway, Probe  
  49  4:36  Pylon  
  50  4:42  Warp Prism  
  50  4:47  Charge  
  50  4:49  Templar Archives  
  50  4:51  Probe  
  50  4:52  Probe  
  54  5:06  Probe x2  
  54  5:07  Pylon  
  56  5:18  Probe  
  56  5:19  Probe  
  58  5:35  Nexus  
  58  5:37  Pylon  
  58  5:39  Probe x2  
  60  5:45  High Templar  
  60  5:46  High Templar x3  
  68  5:52  Archon x2  
  68  5:58  Gateway  
  68  6:01  Gateway, Observer  
  68  6:04  Gateway  
  69  6:06  Gateway, Probe x2  
  71  6:15  Pylon  
  71  6:16  Shield Battery  
  71  6:18  Probe x2  
  73  6:20  Shield Battery  
  73  6:24  Assimilator  
  73  6:30  Assimilator, Probe  
  73  6:32  Pylon  
  74  6:36  Immortal  
  78  6:51  Zealot  
  78  6:52  High Templar x2  
  78  6:53  Psionic Storm, High Templar  
  82  7:02  Archon  
  82  7:09  Probe x3  
  82  7:11  Forge  
  82  7:13  Forge  
  82  7:14  High Templar  
  82  7:15  Pylon  
  87  7:17  Pylon  
  87  7:21  Probe x3  
  90  7:26  Archon  
  90  7:28  High Templar x2  
  90  7:29  Zealot x5  
  104  7:33  Probe x2  
  104  7:43  Probe  
  105  7:45  Probe  
  105  7:46  Pylon  
  102  7:55  High Templar  
  102  7:56  High Templar x2  
  102  7:57  Zealot x2  
  102  7:58  Zealot  
  114  8:02  Pylon  
  114  8:07  High Templar  
  114  8:08  Archon  
  114  8:09  Archon  
  114  8:10  Zealot  
  114  8:12  Protoss Ground Weapons Level 1  
  118  8:13  Protoss Ground Armor Level 1  
  118  8:24  High Templar x2  
  118  8:25  Zealot  
  124  8:40  Nexus  
  124  8:41  Zealot x4  
  130  8:43  Assimilator  
  130  8:47  Assimilator  
  132  8:49  Pylon  
  132  8:52  Observer  
  132  8:56  High Templar x2, Pylon  
  136  9:03  Gateway  
  136  9:04  Gateway  
  136  9:06  Zealot x2  
  136  9:07  Zealot x3  
  106  9:27  Zealot x3  
  106  9:28  Zealot x2  
  86  9:34  High Templar  
  86  9:35  High Templar  
  74  9:49  Zealot x6  
  85  10:01  High Templar x2  
  77  10:07  Archon  
Show
View Real Time Build Order
Export as new Build Order

Cheater 1 (Insane) Zerg - Winner!

Build Orders: Pool First 

Get SALT Encoding   

  12  0:00  Drone  
  13  0:12  Overlord  
  13  0:15  Drone  
  14  0:30  Drone x2  
  16  0:38  Spawning Pool  
  16  0:40  Drone  
  16  0:44  Drone  
  17  1:06  Hatchery, Drone  
  17  1:08  Extractor  
  17  1:10  Drone  
  17  1:16  Drone  
  18  1:27  Drone  
  19  1:34  Queen  
  19  1:37  Overlord  
  21  1:48  Drone  
  22  1:59  Zergling x2  
  23  2:03  Roach Warren  
  23  2:05  Extractor  
  21  2:09  Queen  
  21  2:10  Drone  
  24  2:17  Drone  
  24  2:21  Drone  
  26  2:28  Drone  
  27  2:31  Overlord  
  27  2:39  Drone  
  27  2:41  Drone x3  
  27  2:43  Zergling x2  
  32  2:49  Drone  
  32  2:51  Queen  
  33  2:53  Spore Crawler  
  33  2:55  Spore Crawler, Zergling x2  
  34  3:00  Drone  
  34  3:05  Roach  
  37  3:11  Roach  
  44  3:12  Roach x2, Drone  
  44  3:16  Overlord  
  44  3:20  Lair  
  44  3:22  Metabolic Boost  
  44  3:27  Overlord  
  44  3:35  Drone x2  
  44  3:38  Drone  
  44  3:41  Drone x2, Zergling x2  
  50  3:43  Zergling x2  
  50  3:45  Evolution Chamber  
  50  3:48  Evolution Chamber, Drone x2, Zergling x2  
  53  3:50  Drone  
  53  3:55  Drone  
  54  4:00  Drone  
  55  4:05  Drone  
  55  4:09  Overlord  
  56  4:12  Roach  
  56  4:13  Roach, Zerg Missile Weapons Level 1  
  56  4:14  Zerg Ground Armor Level 1  
  60  4:22  Drone, Hydralisk Den  
  60  4:28  Overlord  
  60  4:30  Overlord  
  60  4:45  Overlord  
  60  4:46  Roach  
  60  4:47  Overlord, Roach x3  
  60  4:49  Roach x2  
  60  4:51  Hydralisk  
  60  4:52  Hydralisk  
  74  4:53  Hydralisk  
  74  4:56  Hydralisk  
  80  5:04  Drone, Extractor  
  80  5:05  Extractor  
  80  5:06  Hydralisk x2  
  84  5:07  Infestation Pit, Drone x2  
  84  5:14  Evolution Chamber  
  84  5:17  Drone  
  84  5:18  Drone x3  
  84  5:19  Overlord  
  87  5:22  Hatchery  
  87  5:27  Drone  
  85  5:30  Drone  
  85  5:32  Ravager  
  87  5:35  Drone x2  
  87  5:36  Drone, Ravager  
  87  5:38  Drone  
  87  5:40  Drone, Zerg Melee Weapons Level 1  
  93  5:45  Overlord, Hydralisk  
  93  5:46  Drone  
  93  5:49  Drone  
  97  5:52  Drone, Glial Reconstitution  
  97  5:53  Overseer  
  98  5:58  Pneumatized Carapace  
  98  6:00  Drone  
  98  6:01  Spine Crawler  
  98  6:02  Drone  
  98  6:03  Infestor, Hydralisk  
  101  6:04  Overlord  
  101  6:06  Spine Crawler  
  102  6:11  Infestor  
  102  6:13  Drone  
  102  6:14  Drone x2  
  102  6:15  Drone  
  101  6:22  Drone  
  101  6:25  Drone, Zerg Missile Weapons Level 2  
  103  6:27  Queen  
  103  6:32  Infestor  
  105  6:34  Drone  
  105  6:35  Drone x4  
  112  6:43  Overlord, Infestor, Drone  
  112  6:44  Drone, Extractor  
  112  6:45  Drone, Extractor  
  115  6:47  Drone  
  115  6:49  Zerg Ground Armor Level 2  
  115  6:52  Hatchery  
  115  6:54  Spore Crawler  
  115  6:55  Drone  
  115  6:56  Drone  
  115  6:58  Drone  
  115  6:59  Pathogen Glands  
  117  7:01  Drone  
  117  7:02  Drone x2  
  117  7:05  Queen  
  117  7:06  Drone  
  117  7:07  Overlord  
  123  7:09  Drone  
  123  7:12  Drone x3  
  123  7:13  Spine Crawler  
  123  7:14  Burrow  
  126  7:16  Drone  
  126  7:18  Drone  
  126  7:20  Drone  
  129  7:24  Lurker Den  
  129  7:27  Overlord  
  129  7:29  Hydralisk  
  128  7:30  Roach, Drone  
  128  7:32  Roach  
  133  7:38  Queen, Zergling x2  
  133  7:40  Drone x2, Hydralisk  
  133  7:41  Drone  
  141  7:45  Drone  
  141  7:47  Overseer  
  141  7:48  Overlord  
  140  7:51  Drone  
  140  7:53  Spine Crawler  
  140  7:54  Drone, Overseer  
  140  7:55  Neural Parasite  
  143  7:58  Roach  
  143  7:59  Roach, Drone x2, Spine Crawler  
  143  8:02  Drone  
  143  8:03  Spore Crawler  
  143  8:04  Roach  
  143  8:05  Roach  
  150  8:06  Drone x2, Spire, Zergling x2  
  150  8:08  Tunneling Claws  
  150  8:09  Overlord, Roach, Zergling x2  
  150  8:12  Zergling x2  
  156  8:13  Roach  
  156  8:15  Roach, Ravager  
  156  8:16  Roach  
  156  8:19  Hatchery, Ravager, Extractor  
  162  8:22  Drone  
  162  8:27  Overlord, Drone, Hydralisk x2  
  163  8:28  Baneling Nest, Drone, Hive, Zergling x2  
  169  8:37  Spine Crawler  
  169  8:38  Drone, Zergling x2  
  170  8:42  Roach, Extractor  
  170  8:45  Spore Crawler, Overlord, Drone x2  
  170  8:46  Roach, Spine Crawler, Infestor, Zergling x2  
  170  8:47  Drone  
  175  8:49  Infestor, Drone, Spine Crawler  
  175  8:52  Spine Crawler  
  175  8:53  Infestor, Drone  
  179  8:58  Hydralisk x2  
  179  9:03  Overlord, Roach x2  
  179  9:11  Roach  
  179  9:12  Hydralisk  
  179  9:13  Spine Crawler  
  179  9:14  Drone, Hydralisk  
  179  9:15  Spore Crawler, Hydralisk  
  179  9:16  Drone, Zergling x2  
  187  9:17  Zergling x2  
  187  9:18  Roach, Drone, Spine Crawler  
  187  9:20  Roach, Hydralisk  
  187  9:21  Spore Crawler, Hydralisk  
  187  9:22  Infestor, Drone, Zergling x4  
  186  9:24  Roach, Zergling x2  
  186  9:25  Roach, Hydralisk  
  186  9:26  Hydralisk, Zergling x2  
  186  9:27  Roach  
  186  9:28  Spore Crawler  
  186  9:29  Drone  
  186  9:31  Spore Crawler, Roach, Queen  
  185  9:34  Spore Crawler, Roach, Drone, Hydralisk  
  185  9:35  Roach, Drone, Hydralisk  
  185  9:36  Baneling x2, Zergling x2  
  185  9:37  Spore Crawler, Ravager  
  194  9:38  Drone  
  194  9:39  Viper  
  194  9:42  Lurker  
  194  9:44  Baneling  
  194  9:45  Hatchery, Roach  
  198  9:47  Roach, Baneling  
  198  9:48  Baneling, Lurker  
  198  9:50  Ravager, Baneling  
  198  9:51  Baneling  
  198  9:52  Baneling  
  200  9:56  Spine Crawler  
  200  9:57  Drone  
  200  10:04  Extractor  
  199  10:08  Extractor  
Tags
 
Add a new tag
Caveats
  • Supply blocks, unpowered buildings, or Contaminate may cause inaccurate times.
  • Supply counts are checked every 10 seconds.